Cogmind - Beta 14 @@@ ROGUE MODE // 2024.11.04 @ 20:41:05 Player: gorb Result: Destroyed by S-10 Pest with Light Assault Rifle Performance ------------- Evolutions (2) 1000 Regions Visited (4) 800 Robots Destroyed (24) 120 Value Destroyed (923) 923 Prototype IDs (0) 0 Alien Tech Used (0) 0 Bonus (-9) -9 TOTAL SCORE: 2834 Bonus ------- Friendly Fire -9 Cogmind --------- Core Integrity 0/550 Matter 300/300 Energy 100/100 System Corruption 4% Temperature Cool (0) Movement Core (50) Location -8/Materials Parts ------- > --- POWER (2) -------- (None) > --- PROPULSION (2) --- (None) > --- UTILITY (3) ------ (None) > --- WEAPON (4) ------- (None) > --- INVENTORY (5) ---- Aluminum Leg Aluminum Leg Carbon-fiber Leg Carbon-fiber Leg Scrap Shield Fragment (30) Peak State ------------ > --- POWER ------------ Ion Engine Light Angular Momentum Engine > --- PROPULSION ------- Wheel Subdweller Monowheel > --- UTILITY ---------- Medium Storage Unit Shield Generator > --- WEAPON ----------- Barrage Gun Grenade Launcher Flamer > --- INVENTORY -------- Ion Engine Aluminum Leg Aluminum Leg Carbon-fiber Leg Subdweller Monowheel Light EM Pulse Cannon Light EM Pulse Cannon Scrap Shield Fragment [Rating: 19] Favorites ----------- Power Ion Engine Engine Ion Engine Propulsion Wheel Leg Aluminum Leg Wheel Wheel Utility Medium Storage Unit Device Shield Generator Storage Medium Storage Unit Protection Medium Armor Plating Weapon Light EM Pulse Cannon Energy Gun Pulse Rifle Energy Cannon Light EM Pulse Cannon Ballistic Gun Barrage Gun Launcher Grenade Launcher Special Weapon Flamer Build | -11 -10 -10 -10 -8 ------- Run | Yrd Mat Min Sub Mat Slots Evolved 4 | . . . . 4 Power 1 | . . . . 1 Propulsion . | . . . . . Utility 1 | . . . . 1 Weapon 2 | . . . . 2 Parts Attached 33 | 6 8 1 9 9 Power 6 | 1 . . 3 2 Engine 6 | 1 . . 3 2 Core . | . . . . . Reactor . | . . . . . Propulsion 7 | 4 . . 1 2 Treads . | . . . . . Leg 2 | 2 . . . . Wheel 5 | 2 . . 1 2 Hover . | . . . . . Flight . | . . . . . Utility 6 | 1 3 . 2 . Device 1 | . . . 1 . Storage 2 | 1 . . 1 . Processor . | . . . . . Hackware . | . . . . . Protection 3 | . 3 . . . Artifact . | . . . . . Weapon 14 | . 5 1 3 5 Energy Gun 1 | . . . . 1 Energy Cannon 4 | . 2 . . 2 Ballistic Gun 6 | . 3 . 2 1 Ballistic Cannon . | . . . . . Launcher 2 | . . 1 1 . Special Weapon 1 | . . . . 1 Impact Weapon . | . . . . . Slashing Weapon . | . . . . . Piercing Weapon . | . . . . . Special Melee Weapon . | . . . . . Unidentified Prototypes . | . . . . . Corrupted Parts 1 | . . . . 1 System Corruption 4 | . . . . 4 Parts Lost 18 | . . . 3 15 Power 3 | . . . . 3 Propulsion 3 | . . . . 3 Utility 3 | . . . 1 2 Weapon 9 | . . . 2 7 Highest Loss Streak 15 | . . . 2 15 To Critical Strikes . | . . . . . Average Slot Usage (%) 91 | . 97 100 98 69 Engine 14 | . 14 14 14 15 Wheel 24 | . 28 28 28 15 Device 5 | . . . 11 7 Storage 12 | . 14 14 14 8 Protection 5 | . 11 14 1 . Energy Cannon 8 | . 18 14 3 . Ballistic Gun 9 | . 9 10 10 7 Launcher 6 | . . 3 14 7 Special Weapon 1 | . . . . 7 Peak Build Rating 19 | 4 11 11 16 19 Average Rating 12 | 2 9 10 13 16 On Entrance 8 | . 4 10 11 16 Naked Turns 21 | . . . . 21 Heaviest Build 34 | 10 25 25 28 34 Greatest Support 30 | 26 26 26 30 30 Greatest Overweight (x) 1 | 1 . . 1 1 Average Overweight (x) . | . . . . . Largest Inventory Capacity 10 | 8 8 8 10 10 Average Capacity 8 | 6 8 8 9 9 Most Carried 10 | 6 8 8 10 9 Average Carried 8 | 4 7 8 9 7 Final Capacity 10 | 8 8 8 10 5 Final Carried 10 | 6 8 8 10 5 Class Distribution -------------------- 82% | Mutant 17% | Tank Dominant Class ---------------- Mutant | -10/Materials Mutant | -10/Mines Mutant | -10/Subcaves Tank | -8/Materials Resources | -11 -10 -10 -10 -8 ----------- Run | Yrd Mat Min Sub Mat Matter Collected 741 | 210 113 54 199 165 Remotely . | . . . . . Salvage Created 858 | . 225 206 229 198 Parts 40 | . 11 11 12 6 Haulers Intercepted 1 | . . . . 1 Recyclers Shooed 1 | . . . . 1 Parts Field Recycled . | . . . . . Retrieved Matter . | . . . . . Parts Self-Destructed 3 | . . . 3 . Prevented . | . . . . . Kills | -11 -10 -10 -10 -8 ------- Run | Yrd Mat Min Sub Mat Combat Hostiles Destroyed 21 | . 4 4 9 4 Guns 4 | . 1 1 . 2 Cannons 8 | . 3 3 1 1 AOE 9 | . . . 8 1 Classes Destroyed 6 | . 2 1 1 2 Tunneler 1 | . . 1 . . Hauler 1 | . . . . 1 Watcher 1 | . 1 . . . Grunt 10 | . 4 4 . 2 Hunter 2 | . . . . 2 Subdweller 9 | . . . 9 . Best Kill Streak 7 | . 4 2 7 4 Combat Bots Only 7 | . 4 2 7 3 Max Kills in Single Turn 2 | . 1 1 2 2 Gunslinging . | . . . . . Exploded 2 | . . . 2 1 Melee . | . . . . . Uniques/NPCs Destroyed . | . . . . . Combat | -11 -10 -10 -10 -8 -------- Run | Yrd Mat Min Sub Mat Hostile Shots Fired 141 | . 9 15 22 95 Missed 40 | . 3 6 8 23 Damage Taken 1901 | . 90 136 328 1347 Core 643 | . . 16 76 551 Absorbed by Shields 128 | . . . 50 78 Regen/Repaired (Parts) 73 | . 51 . . 22 Core Remaining (%) 81 | 100 . . 63 . Volleys Fired 46 | . 7 11 12 16 Largest 3 | . 2 2 2 3 Hottest 158 | . 112 76 86 158 Shots Fired 87 | . 13 21 18 35 Gun 39 | . 3 10 6 20 Cannon 28 | . 10 10 3 5 Launcher 15 | . . 1 9 5 Special 5 | . . . . 5 Kinetic 30 | . 3 10 6 11 Thermal 14 | . . . . 14 Explosive 15 | . . 1 9 5 Electromagnetic 28 | . 10 10 3 5 Robot Hit Streak 7 | . 7 6 7 4 Robot Miss Streak 3 | . 1 2 1 3 Penetration Max . | . . . . . Secondary Targets . | . . . . . Shots Hit Robots 51 | . 9 11 13 18 Core Hits 44 | . 6 8 18 12 Critical Kills 1 | . . 1 . . Critical Parts Destroyed 1 | . . 1 . . Critical Strikes 4 | . 1 2 . 1 Burn 1 | . . . . 1 Destroy 2 | . . 2 . . Corrupt 1 | . 1 . . . Melee Attacks . | . . . . . Impact . | . . . . . Slashing . | . . . . . Piercing . | . . . . . Sneak Attacks . | . . . . . Combat Hostiles . | . . . . . Follow-up Attacks . | . . . . . Damage Inflicted 2065 | . 249 273 1086 457 Guns 311 | . 15 62 22 212 Cannons 557 | . 214 162 58 123 Explosions 1177 | . . 49 1006 122 Melee . | . . . . . Ramming 20 | . 20 . . . Kinetic 162 | . 15 62 22 63 Thermal 149 | . . . . 149 Explosive 1177 | . . 49 1006 122 Electromagnetic 557 | . 214 162 58 123 Impact . | . . . . . Slashing . | . . . . . Piercing . | . . . . . Highest Corruption 4 | . . . . 4 Average Corruption 4 | . . . . 4 Corruption Purged . | . . . . . Corruption Blocked . | . . . . . Effects 1 | . . . . 1 Matter Fused 1 | . . . . 1 Overload Shots . | . . . . . Overflow Damage 8 | . 8 . . . Projectiles 8 | . 8 . . . Explosions . | . . . . . Melee . | . . . . . Knockbacks . | . . . . . Impact . | . . . . . Kinetic . | . . . . . Secondary . | . . . . . Self-Inflicted Damage 138 | . 10 9 . 119 Shots 5 | . . 1 . 4 Rammed 1 | . 1 . . . Targets Rammed 1 | . 1 . . . Kicked . | . . . . . Crushed . | . . . . . Highest Temperature 726 | . 255 204 . 726 Average Temperature 234 | . 107 92 . 363 Received Heat Transfer 630 | . 42 90 30 468 Effects 27 | . 1 . . 26 Shutdowns 5 | . . . . 5 Energy Bleed 4 | . 1 . . 3 Interference 2 | . . . . 2 Matter Decay 1 | . . . . 1 Short Circuit 1 | . . . . 1 Damage (minor) 1 | . . . . 1 Damage (major) 10 | . . . . 10 Damage (core) 3 | . . . . 3 Siege Activations . | . . . . . Robots Corrupted . | . . . . . Combat Hostiles . | . . . . . Parts Fried 4 | . 3 1 . . Impact Corruptions 1 | . 1 . . . Robots Melted . | . . . . . Combat Hostiles . | . . . . . Parts Melted 1 | . . . . 1 Heat Transferred 407 | . . . . 407 Parts Sabotaged . | . . . . . Parts Stolen . | . . . . . Parts Stripped . | . . . . . Power Chain Reactions . | . . . . . Alert | -11 -10 -10 -10 -8 ------- Run | Yrd Mat Min Sub Mat Peak Influence 145 | . 115 127 . 145 Initial 19 | . . 19 . . Average 44 | . 33 96 . 48 Maximum Alert Level . | . . . . . Low Security (%) 100 | 100 100 100 . 100 Level 1 . | . . . . . Level 2 . | . . . . . Level 3 . | . . . . . Level 4 . | . . . . . Level 5 . | . . . . . High Security . | . . . . . Max Security . | . . . . . Squads Dispatched 2 | . 1 . . 1 Investigation . | . . . . . Extermination . | . . . . . Reinforcement 2 | . 1 . . 1 Assault . | . . . . . Garrison . | . . . . . Intercept . | . . . . . Searches Triggered . | . . . . . Construction Impeded . | . . . . . Haulers Reinforced . | . . . . . Active Scanning Responses . | . . . . . Cargo Convoy Interrupts . | . . . . . Stealth | -11 -10 -10 -10 -8 --------- Run | Yrd Mat Min Sub Mat Distress Signals 1 | . . . . 1 Communications Jammed . | . . . . . Distress Signals . | . . . . . Times Spotted 35 | . 9 4 10 12 Peak Tracking Total 9 | . 4 2 6 9 Tactical Retreats 2 | . . . . 2 Traps | -11 -10 -10 -10 -8 ------- Run | Yrd Mat Min Sub Mat Traps Triggered 1 | . 1 . . . Indirectly . | . . . . . Trap Hack Attempts . | . . . . . Triggered . | . . . . . Disarmed . | . . . . . Reprogrammed . | . . . . . Reused . | . . . . . Traps Extracted . | . . . . . Installed . | . . . . . Triggered . | . . . . . Machines | -11 -10 -10 -10 -8 ---------- Run | Yrd Mat Min Sub Mat Machines Disabled 2 | . . . . 2 Max in Single Turn 2 | . . . . 2 Machines Repaired . | . . . . . Machines Dismantled . | . . . . . Machines Sabotaged . | . . . . . Overloaded Fab Kills . | . . . . . Hacking | -11 -10 -10 -10 -8 --------- Run | Yrd Mat Min Sub Mat Machines Accessed 2 | . 1 . . 1 Terminals . | . . . . . Fabricators . | . . . . . Repair Stations 2 | . 1 . . 1 Recycling Units . | . . . . . Scanalyzers . | . . . . . Garrison Access . | . . . . . Total Hacks 5 | . 3 . . 2 Successful 4 | . 2 . . 2 Failed 1 | . 1 . . . Catastrophic . | . . . . . Database Lockouts . | . . . . . Manual . | . . . . . Terminals . | . . . . . Fabricators . | . . . . . Repair Stations 5 | . 3 . . 2 Recycling Units . | . . . . . Scanalyzers . | . . . . . Garrison Access . | . . . . . Terminal Hacks . | . . . . . Fabricator Hacks . | . . . . . Repair Station Hacks 4 | . 2 . . 2 Scan Component 2 | . 1 . . 1 Repair 2 | . 1 . . 1 Recycling Unit Hacks . | . . . . . Scanalyzer . | . . . . . Garrison Access Hacks . | . . . . . Unauthorized Hacks . | . . . . . Terminals . | . . . . . Fabricators . | . . . . . Repair Stations . | . . . . . Recycling Units . | . . . . . Scanalyzers . | . . . . . Garrison Access . | . . . . . Data Cores Recovered . | . . . . . Used . | . . . . . Hacking Detections . | . . . . . Full Trace Events . | . . . . . Feedback Events . | . . . . . Feedback Blocked . | . . . . . Robot Schematics Acquired . | . . . . . Robots Built . | . . . . . Authchips . | . . . . . Time . | . . . . . Total Robot Build Rating . | . . . . . Part Schematics Acquired . | . . . . . Parts Built . | . . . . . Authchips . | . . . . . Time . | . . . . . Total Part Build Rating . | . . . . . Parts Repaired 2 | . 1 . . 1 Time 58 | . 32 . . 26 Parts Recycled . | . . . . . Recycled Matter . | . . . . . Retrieved Matter . | . . . . . Retrieved Components . | . . . . . Parts Scanalyzed . | . . . . . Part Schematics Acquired . | . . . . . Parts Damaged . | . . . . . Bothacking | -11 -10 -10 -10 -8 ------------ Run | Yrd Mat Min Sub Mat Used RIF Installer . | . . . . . Robots Hacked . | . . . . . Non-combat . | . . . . . Combat . | . . . . . Robot Hacks Applied . | . . . . . Relay Couplers Released . | . . . . . Fabnet Peak Effective % . | . . . . . Robots Rewired . | . . . . . Allies Hacked . | . . . . . Hacks Repelled . | . . . . . Allies | -11 -10 -10 -10 -8 -------- Run | Yrd Mat Min Sub Mat Total Allies . | . . . . . Largest Group . | . . . . . Highest-Rated Group . | . . . . . Highest-Rated Ally . | . . . . . Total Orders . | . . . . . Ally Attacks . | . . . . . Total Damage . | . . . . . Kills . | . . . . . Allies Corrupted . | . . . . . Allies Melted . | . . . . . Intel | -11 -10 -10 -10 -8 ------- Run | Yrd Mat Min Sub Mat Robot Analysis Total . | . . . . . Derelict Logs Recovered 3 | . . 2 1 . Drone Launches . | . . . . . Drone Recoveries . | . . . . . Exploration | -11 -10 -10 -10 -8 ------------- Run | Yrd Mat Min Sub Mat Turns Passed 1523 | 59 498 126 482 358 Spaces Moved 1281 | 61 436 101 445 238 Core 90 | 29 . . . 61 Treads . | . . . . . Legs . | . . . . . Wheels 1191 | 32 436 101 445 177 Hover . | . . . . . Flight . | . . . . . Fastest Speed 50 | 50 90 90 90 50 Average Speed 92 | 71 90 90 97 92 Slowest Speed 120 | 100 90 90 105 120 Overloaded Moves . | . . . . . Propulsion Burnouts . | . . . . . Robots Hopped . | . . . . . Cave-ins Triggered . | . . . . . Exploration Rate (%) 20 | 5 38 21 19 19 Regions Visited 4 Branch Regions 2 Pre-discovered Areas 1 | . . . 1 . Known Exits Taken 2 | . . 1 1 . Unknown Exits Taken 2 | 1 1 . . . Scrap Searched 2 | . . . 2 . Spaces Dug . | . . . . . Terrain Destroyed 74 | . . 5 42 27 Melee . | . . . . . Projectile . | . . . . . AOE 74 | . . 5 42 27 Terrain Rammed . | . . . . . Walls Destroyed . | . . . . . Machines Disabled . | . . . . . Actions | -11 -10 -10 -10 -8 --------- Run | Yrd Mat Min Sub Mat Total 1535 | 74 526 116 476 343 Wait 144 | . 68 . . 76 Move 1277 | 60 435 100 444 238 Hop . | . . . . . Pick Up 26 | 8 5 2 7 4 Fast Attach 6 | 2 4 . . . Attach 17 | 2 3 . 3 9 Detach . | . . . . . Swap 10 | 2 1 1 6 . Drop 8 | . 2 2 4 . Fire 46 | . 7 11 12 16 Melee . | . . . . . Ram 1 | . 1 . . . Kick . | . . . . . Crush . | . . . . . Escape Stasis . | . . . . . Rewire . | . . . . . Trap . | . . . . . Miscellaneous . | . . . . . Route ------- -11/Scrapyard -10/Materials -10/Mines -10/Subcaves (discovered 2 exits: *Mat x2) -8/Materials (discovered 1 exit: [*Sto]) History --------- Turn | Location | Event 7 | -11/Scrapyard | Discovered new exit (range 15) 60 | -11/Scrapyard | Entered Materials 318 | -10/Materials | Build established: Mutant 429 | -10/Materials | Repaired Med. Armor Plating 517 | -10/Materials | Discovered new exit (range 16) 558 | -10/Materials | Entered Mines 596 | -10/Mines | Learned Materials terminal intel 598 | -10/Mines | Identified exit to Subcaves 649 | -10/Mines | Received a Rocket Launcher from a helpful Derelict 684 | -10/Mines | Entered Subcaves 705 | -10/Subcaves | Discovered new exit (range 8) 726 | -10/Subcaves | Ambushed by swarm of Subdwellers 728 | -10/Subcaves | Learned location of Zion (-7) 728 | -10/Subcaves | Met a Zionite searching for "candidates" 763 | -10/Subcaves | Destroyed 7 combat bots 889 | -10/Subcaves | Identified exit to Materials 1166 | -10/Subcaves | Entered Materials 1166 | -8/Materials | Evolved 4 slots: Power x1, Utility x1, Weapon x2 1167 | -8/Materials | Loaded intel: 11 terminal locations 1206 | -8/Materials | Repaired Wheel 1490 | -8/Materials | Core integrity fell below 50% 1495 | -8/Materials | Core integrity fell below 20% 1518 | -8/Materials | Discovered new exit (range 14) 1524 | -8/Materials | Destroyed by S-10 Pest with Light Assault Rifle Last Messages --------------- Overheating: Short circuit. Med. Storage Unit destroyed. U-05 Engineer lays Concrete. Acquired 50 matter. Overheating: Energy bleed (-15). Acquired 39 matter. U-05 Engineer lays Concrete. Acquired 41 matter. Overheating: Core damaged (-93). U-05 Engineer builds a Wall. System corrupted: Matter fused (-5). U-05 Engineer lays Concrete. W-25 Informer sends out distress signal. Overheating: Energy bleed (-22). Broken Sub. Monowheel destroyed. ALERT: Hostiles spotted, dispatching reinforcements to Terminal M007. U-05 Engineer builds a Wall. K-01 Serf cleans the Electrolysis Chamber. EXIT=FOUND Map ----- +----------------------------------------------------+ | ?????????????????????????????????????????????????? | | ?????????????????????????????????????????????????? | | ?????????????????????????????????????????????????? | | ?????????????????????????????????????????????????? | | ?????????????????????????????????????????????????? | | ?????????????????????????????????????????????????? | | ?????????????????????????????????????????????????? | | ?????????????????????????????????????????????????? | | ?????????????????????????????????????????????????? | | ?????????????????????????????????????????????????? | | ?????"""T"""?????????????????????????????????????? | | ?????????????????????????????????????????????????? | | ????????????????????????????????? ???????????????? | | ????????????????????????????????? ???????????????? | | ????????????????????????????????? ???????????????? | | ????????????????????????????????# ???????????????? | | ????????????????????????????????# ???????????????? | | ????????????????????????????????# #??????????????? | | ????????????????????????????????# ##+###?????????? | | ????????????????????????????????# ??????????? | | ??????????????????????#?????????# #???????????? | | ??????????????????????# ???????# #???????????? | | ???????????????????????? ??????# #???????????? | | ????????????????????????##+###### #???????????? | | ????????????????# ### #???????????? | | ?????????? t u u@ u ########????? | | ????????????????# ### # #????? | | ????????????????# ?????## # """ #????? | | ?????????????????????????# # """ #????? | | ?????????????????????????# s # """ #????? | | ?????????????????????????#+###### # #????? | | ????????????????????????????????# /k #????? | | ????????????????????????????????# ##########+#? | | ??????????????????????????????### # | | ??????????????????????????????+ | | ??????????????????????????????######/###### | | ?????????????????????????????????# #?# | | ?????????????????????????????????# #?# | | ?????????????????????????????????# #?# | | ?????????????????????????????????# "" #?# | | ?????????????????????????????????# S"" #?# | | ?????????????????????????????????# "" #?# | | ?????????????????????????????????#####+##?# | | ?????????????????????????????????????# #??# | | ?????????????????????????????????????# #??# | | ???????????????????????T?????????????#"#??# | | ???????????????????????????????????###+#### | | ???????????????????????????????????# % # | | ???????????????????????????????????# + | | ???????????????????????????????????#"" # | +----------------------------------------------------+ Best States ------------- Heat Dissipation 31 Energy Generation 23 Energy Capacity 300 Matter Stores 300 Matter Capacity 300 Sight Range 16 Terrain Scan Density 10 Armor Coverage 225 Evasion (%) 50 Item Schematics ----------------- None Robot Schematics ------------------ None Fabricated ------------ Nothing Alien Tech Used ----------------- None Achievements -------------- None Challenges ------------ None Game ------ Seed ProcessingDisposableSpoofer Manual? 0 Play Time 00:24:53 Cumulative 11.0 hours Start 2024.11.04 @ 19:43:37 End 2024.11.04 @ 20:41:05 Sessions 1 Manual Loads 0 Difficulty Rogue Special Mode None Game No. 22 Rogue 22 Adventurer 0 Explorer 0 Win Type - Total 0 Types 0/0/0/0/0/0/0/0/0 Lore% 7 Gallery% 16 Achievement% 14 Wizard Run 0 Options --------- Layout 1 ASCII 0 Keyboard 0 Movement Mouse Keybinds 0 Fullscreen 1 Font 24/Smallcaps Map View 50x35 Zoom Use 0% Tactical HUD 0 Map Filters NONE Filters NONE Steam 1 RUN: 8c27bec3-917e-4a6a-886f-a6371ab51b59